 Dungeon Crawl Stone Soup version 0.21.1-1-g345015f (webtiles) character file.

2 Monsterracer the Ducker (level 1, 0/16 HPs)
             Began as a Spriggan Berserker on May 25, 2018.
             Was a Follower of Trog.
             Slain by a goblin (2 damage)
             ... on level 2 of the Dungeon.
             The game lasted 00:01:17 (199 turns).

Monsterracer the Ducker (Spriggan Berserker)         Turns: 199, Time: 00:01:17

Health: 0/16       AC:  2    Str: 18    XL:     1   Next: 33%
Magic:  2/2        EV: 20    Int:  8    God:    Trog [*.....]
Gold:   56         SH:  0    Dex: 15    Spells: 0/0 levels left

rFire    . . .     SeeInvis +   a - +0 short sword
rCold    . . .     Gourm    .   (shield restricted)
rNeg     . . .     Faith    .   b - +0 animal skin
rPois    .         Spirit   .   (helmet restricted)
rElec    .         Reflect  .   (no cloak)
rCorr    .         Harm     .   (gloves unavailable)
MR       .....                  (boots unavailable)
Stlth    ..........             (no amulet)
HPRegen  0.05/turn              (no ring)
MPRegen  0.08/turn              (no ring)

@: berserking, very quick
A: very small, unfitting armour, see invisible, herbivore, speed 3, slow
metabolism 2
a: Berserk, Burn Spellbooks, Renounce Religion


You were on level 2 of the Dungeon.
You worshipped Trog.
Trog was aware of your devotion.
You were not hungry.

You visited 1 branch of the dungeon, and saw 3 of its levels.

You collected 56 gold pieces.

Inventory:

Hand Weapons
 a - a +0 short sword (weapon)
Armour
 b - a +0 animal skin (worn)
Scrolls
 d - a scroll of blinking {unknown}
Comestibles
 c - 2 rations


   Skills:
 - Level 2.4 Fighting
 - Level 3.2 Short Blades
 + Level 4.7 Dodging


You couldn't memorise any spells.
You didn't know any spells.

Dungeon Overview and Level Annotations

Branches:
Dungeon (3/15)

Altars:


Innate Abilities, Weirdness & Mutations

You are very small and have problems with some larger weapons.
You are too small for most types of armour.
You have supernaturally acute eyesight. (SInv)
You are a herbivore.
You cover ground extremely quickly.
You need consume almost no food.


Message History

Found a stone staircase leading down.
The leopard gecko barely misses you.
Found a hand axe.
A kobold comes into view. It is wielding a short sword.
The kobold shouts!
The kobold throws a stone.
The stone closely misses you.
Found a stone staircase leading down.
There is a stone staircase leading down here.
You see here a stone.
The kobold throws a stone.
The stone misses you.
You climb downwards.
There is a stone staircase leading up here.
You now have 21 gold pieces (gained 14).
You now have 32 gold pieces (gained 11).
You now have 46 gold pieces (gained 14).
There is a stone staircase leading up here.
A hobgoblin comes into view.
The hobgoblin shouts!
A jackal comes into view.
The jackal barks!
Found 10 gold pieces.
You see here 10 gold pieces.
You now have 56 gold pieces (gained 10).
A kobold comes into view.
The kobold shouts!
You hear an angry hiss.
Found a scroll labeled ROCZEU YRCHU.
d - a scroll labeled ROCZEU YRCHU
Found a ration.
Found a stone staircase leading down.
c - 2 rations (gained 1)
Found a helmet.
A jackal comes into view.
The jackal barks!
You hear a bark!
You hear a shout!
You closely miss the jackal. The jackal completely misses you. x2
A jackal comes into view.
The jackal barks!
Found 13 gold pieces. 2 hobgoblins come into view.
A giant cockroach comes into view.
The jackal closely misses you.
A goblin comes into view.
The goblin shouts!
Found a stone staircase leading up.
The jackal barely misses you. The hobgoblin completely misses you.
Found 10 gold pieces.
A jackal comes into view.
The jackal moves out of view.
The jackal barks!
You hear a bark!
The kobold closely misses you.
A jackal comes into view.
The jackal barks!
The jackal closely misses you.
You hit the jackal.
The jackal is heavily wounded.
The jackal misses you. The kobold hits you but does no damage.
The jackal misses you. The jackal closely misses you.
The hobgoblin closely misses you.
There is a stone staircase leading down here.
The jackal closely misses you. The jackal barely misses you.
You climb downwards.
A frilled lizard comes into view.
Found a mace.
There is a stone staircase leading up here.
The jackal completely misses you. The hobgoblin barely misses you.
The jackal misses you.
You climb upwards.
The jackal completely misses you. The jackal closely misses you.
The jackal completely misses you. The jackal closely misses you.
The jackal misses you. The jackal bites you.
The giant cockroach barely misses you.
There is a stone staircase leading down here.
You take 2 damage, and have 9/11 hp.
A red film seems to cover your vision as you go berserk!
You feel yourself moving faster!
You feel mighty!
You feel a lot more hungry. The jackal misses you.
The hobgoblin barely misses you.
The jackal bites you but does no damage.
The jackal closely misses you. The jackal misses you.
The giant cockroach bites you. The jackal misses you.
You now have 12/16 hp.
You hit the jackal.
You kill the jackal!
Trog accepts your kill. The jackal barely misses you.
The jackal closely misses you. The hobgoblin hits you with a club!
Ouch! That really hurt!
* * * LOW HITPOINT WARNING * * *
The jackal misses you. The giant cockroach misses you.
You take 8 damage, and have 4/16 hp.
MASSIVE DAMAGE!!
You barely miss the hobgoblin. The jackal completely misses you.
The jackal barely misses you.
The jackal bites you but does no damage.
The hobgoblin misses you.
You puncture the hobgoblin!
You kill the hobgoblin!
Trog accepts your kill.
The giant cockroach completely misses you.
The jackal misses you. The jackal completely misses you. The jackal bites you.
* * * LOW HITPOINT WARNING * * *
The goblin hits you.
You die...

#.###. # ##########.#... #.
#.......K...... ####.
##..######....##
.....######...####......#
.#####...hh..#....#.#...##
........####...##.#.##.####
.###....K##g..## .#.##.K...
#.....$gs@)...##.#.#######
.#.#.....hhh........###
.........##...........$
.#.........[......###
#.#....h#####.#..#
.#.#.....# #.#..#
........######.#..####.
.#.#.#....g..hs......... #
#.#...####h..######..


You could see 3 jackals, a giant cockroach, a hobgoblin, a goblin and a kobold.

Vanquished Creatures
  A hobgoblin (D:2)
  A jackal (D:2)
2 creatures vanquished.

Notes
Turn   | Place    | Note
-------+----------+-------------------------------------------
     0 | D:1      | Monsterracer the Spriggan Berserker began the quest for the Orb.
     0 | D:1      | Reached XP level 1. HP: 11/11 MP: 2/2
   197 | D:2      | HP: 4/16 [hobgoblin/club (8)]
   199 | D:2      | Slain by a goblin

Action                   || total
-------------------------++-------
Melee: Short sword       ||     5
Invok: Berserk           ||     1
Armor: Animal skin       ||     3
Dodge: Dodged            ||    40

Vault maps used:
D:1:      enne_arrival_octagon_isle, hangedman_decor_growths
D:2:      first_ration
D:3:      lemuel_blue_sif_altar, minmay_snake_closets
